 Dungeon Sprint DCSS version 0.27-a0-1071-ga85bd9520d (webtiles) character file.

Game seed: 2028813390886884579

2209 mhtbhm the Scorcher (level 9, -25/46 HPs)
             Began as a Deep Elf Fire Elementalist on Apr 24, 2021.
             Was a High Priest of Vehumet.
             Annihilated by Potydi the pandemonium lord (37 damage)
             ... in the Dungeon (Sprint V: "Ziggurat Sprint").
             The game lasted 00:04:25 (446 turns).

mhtbhm the Scorcher (Deep Elf Fire Elementalist)     Turns: 446, Time: 00:04:26

Health: -25/46     AC:  9    Str:  5    XL:     9   Next: 13%
Magic:  4/27       EV: 16    Int: 36    God:    Vehumet [*****.]
Gold:   0          SH:  0    Dex: 15    Spells: 13/32 levels left

rFire    + + +     SeeInvis .   C - +8 lance "Wyrmbane" {slay drac, rPois rF+ rC+ AC+3}
rCold    + . .     Faith    .   (no shield)
rNeg     . . .     Spirit   .   a - +0 robe
rPois    +         Reflect  .   (no helmet)
rElec    .         Harm     .   t - +0 cloak "Vapoax" {rF+++}
rCorr    .         Rampage  .   (no gloves)
Will     .....     NoTele   +   s - +2 pair of boots {Stlth+}
Stlth    +++++.....             (no amulet)
HPRegen  0.15/turn              u - +6 ring of intelligence
MPRegen  0.20/turn              v - +6 ring of intelligence

@: slightly contaminated, hasted, very quick
A: no striking features
a: Renounce Religion


You were in the Dungeon.
You worshipped Vehumet.
Vehumet was extremely pleased with you.
You visited 1 branch

Inventory:

Hand Weapons
 C - the +8 lance "Wyrmbane" (weapon) {slay drac, rPois rF+ rC+ AC+3}
   (You found it in the Dungeon)

   It affects your AC (+3).
   It protects you from fire.
   It protects you from cold.
   It protects you from poison.
Armour
 a - a +0 robe (worn)
 s - a +2 pair of boots of stealth (worn)
 t - the +0 cloak "Vapoax" (worn) {rF+++}
   (You found it in the Dungeon)

   It renders you almost immune to fire.
Jewellery
 r - the ring of Seokow {Fly Will++ Int+2}
   (You found it in the Dungeon)

   [ring of flight]

   It affects your intelligence (+2).
   It grants you flight.
   It greatly increases your willpower.
 u - a +6 ring of intelligence (left hand)
 v - a +6 ring of intelligence (right hand)
 w - the ring "Zonwym" {rElec rF+ Int+4 Dex-4}
   (You found it in the Dungeon)

   [ring of protection from fire]

   It affects your intelligence (+4).
   It affects your dexterity (-4).
   It protects you from fire.
   It insulates you from electricity.
Wands
 y - a wand of mindburst (7)
 z - a wand of iceblast (3)
Scrolls
 m - 4 scrolls of amnesia
 n - 7 scrolls of fog
 p - 5 scrolls of identify
 q - a scroll of fear
Potions
 b - 2 potions of brilliance
 c - 10 potions of curing
 d - 8 potions of heal wounds
 e - 5 potions of haste
 f - 7 potions of magic
 g - 3 potions of berserk rage
 i - 2 potions of invisibility
 j - 4 potions of resistance
 k - a potion of experience
 l - 5 potions of might
Miscellaneous
 B - a lightning rod (4/4)


   Skills:
 + Level 0.4 Fighting
 + Level 9.3 Dodging
 - Level 7.9 Stealth
 + Level 12.3 Spellcasting
 + Level 3.1 Conjurations
 + Level 15.6 Fire Magic
 + Level 1.1 Earth Magic
 + Level 5.5 Evocations


You had 13 spell levels left.
You knew the following spells:

 Your Spells              Type           Power      Damage    Failure   Level
a - Foxfire               Conj/Fire      100%       2x1d9     1%          1
b - Iron Shot             Conj/Erth      18%        9d4       28%         6
c - Stone Arrow           Conj/Erth      74%        3d11      1%          3
d - Sticky Flame          Conj/Fire      74%        2d9       1%          4
e - Fireball              Conj/Fire      37%        3d15      1%          5

Your spell library contained the following spells:

 Spells                   Type           Power      Damage    Failure   Level
 Searing Ray              Conj           90%        3d6       1%          2
 Corona                   Hex            24%        N/A       1%          1
 Magic Dart               Conj           100%       1d8       1%          1
 Conjure Flame            Conj/Fire      74%        6-21      1%          3
 Inner Flame              Hex/Fire       68%        N/A       1%          3
 Mephitic Cloud           Conj/Pois/Air  29%        N/A       1%          3
 Blink                    Tloc           N/A        N/A       2%          2
 Call Imp                 Summ           22%        N/A       2%          2
 Passwall                 Tmut/Erth      21%        N/A       2%          2
 Slow                     Hex            22%        N/A       2%          2
 Summon Forest            Summ/Tloc      11%        N/A       45%         5
 Summon Mana Viper        Hex/Summ       22%        N/A       45%         5
 Shadow Creatures         Summ           N/A        N/A       96%         6
 Summon Hydra             Summ           11%        N/A       100%        7


Dungeon Overview and Level Annotations

Branches:
Dungeon (1/1)

Altars:
Ashenzari
Cheibriados
Dithmenos
Elyvilon
Fedhas
Gozag
Hepliaklqana
Kikubaaqudgha
Makhleb
Nemelex Xobeh
Okawaru
Qazlal
Ru
Sif Muna
Trog
Uskayaw
Vehumet
Wu Jian
Xom
Yredelemnul
Zin
The Shining One
Beogh
Jiyva
Lugonu

Annotations:
D 1 transporter


Message History

Vehumet accepts your kill.
You feel your power returning.
Your Conjurations skill increases to level 3!
Your Earth Magic skill increases to level 1!
You have reached level 9!
Your experience leads to an increase in your attributes!
Your base attributes are Str 5, Int 23, Dex 15.
Increase (S)trength, (I)ntelligence, or (D)exterity?
You feel clever.
Unknown command.
Unknown command.
Casting: Fireball (dangerous; 1% risk of failure)
Confirm with . or Enter, or press ? or * to list all spells.
Okay, then.
Casting: Fireball (dangerous; 1% risk of failure)
Confirm with . or Enter, or press ? or * to list all spells.
The spell is extremely dangerous to cast (28% risk of failure)!
Continue anyway?
Aiming: Iron Shot (extremely dangerous; 28% risk of failure)
Press: ? - help, Shift-Dir - straight line, f - Potydi
Aim: Potydi (lightly wounded, dazed, 60% to hit)
You miscast Iron Shot.
You are lightly contaminated with residual magic.
You are blasted with sand.
Potydi is no longer dazed.
Potydi barely misses you. Potydi tramples you!
You hold your ground!
Unknown command.
Casting: Iron Shot (extremely dangerous; 28% risk of failure)
Confirm with . or Enter, or press ? or * to list all spells.
Okay, then.
As you read the scroll of fear, it crumbles to dust.
You assume a fearsome visage.
Potydi is unaffected.
Potydi barely misses you.
You feel much better. Potydi tramples you but does no damage.
Potydi tramples you.
You hold your ground!
You feel yourself speed up.
Potydi sneers, "I will devour thy mind!"
Potydi tramples you!!
Ouch! That really hurt!
* * * LOW HITPOINT WARNING * * *
You hold your ground!
Potydi tramples you!!!
Ouch! That really hurt!
You die...

..8©8...▓..8©8...▓
..)))...▓..|)}...▓
...)....▓..†††...▓
........▓........▓
........▓........▓
.▓....▓.▓.▓....▓.▓
...©....▓...©....▓
▓▓▓▓▓▓▓▓▓▓▓▓▓▓▓▓▓▓
▓..8©8.@▓
▓..[:)&.▓
▓..)})..▓
▓...|...▓
▓.......▓
▓.......▓
▓.......▓
▓.▓...▓.▓
▓...©...▓


You could see Potydi.

Vanquished Creatures
  A deep elf knight (D)
  A deep elf pyromancer (D)
  An orange demon (D)
  A red devil (D)
  An air elemental (D)
  5 scorpions (D)
  A crimson imp (D)
  4 orc priests (D)
  2 iron imps (D)
  2 orc wizards (D)
  An adder (D)
  2 orcs (D)
  A ball python (D)
23 creatures vanquished.

Notes
Turn   | Place    | Note
-------+----------+-------------------------------------------
     0 | D        | mhtbhm the Deep Elf Fire Elementalist began the quest for
                  | the Orb.
     0 | D        | Reached XP level 1. HP: 10/10 MP: 6/6
     0 | D        | Found a shimmering blue altar of Sif Muna.
     0 | D        | Found a bloodstained altar of Trog.
     0 | D        | Found a sacrificial altar of Ru.
     0 | D        | Found a stormy altar of Qazlal.
     0 | D        | Found an iron altar of Okawaru.
     1 | D        | Found a sparkling altar of Nemelex Xobeh.
     1 | D        | Found a blossoming altar of Fedhas.
     2 | D        | Found the +6 Majin-Bo {vamp, MP+6 Int+6}
     2 | D        | Found the +9 heavy crossbow "Sniper" {vorpal, Acc+∞ SInv}
     2 | D        | Found the +10 dark maul {vorpal}
     2 | D        | Found the +15 Maxwell's patent armour {-Cast -Tele rElec
                  | Will+ rCorr}
     2 | D        | Found the +18 shield of the Gong {rElec rN+ Will+ EV-5}
     2 | D        | Found the +14 obsidian axe {vorpal, Drain Fly SInv}
     2 | D        | Found the +7 great mace "Firestarter" {inner flame, rF++}
     2 | D        | Found the +6 shillelagh "Devastator" {shatter}
     2 | D        | Found the +11 plutonium sword {Contam Stlth-}
     2 | D        | Found the +8 lance "Wyrmbane" {slay drac, rPois rF+ rC+
                  | AC+3}
     2 | D        | Found the +9 sword of Zonguldrok {reap}
     2 | D        | Found the +13 scythe of Curses {drain, Drain}
     2 | D        | Found the +5 sword of Power {vorpal}
     2 | D        | Found the +7 mace of Variability {chain chaos}
     2 | D        | Found the +7 Singing Sword {vorpal, sonic wave}
     2 | D        | Found the +8 storm bow {elec, penet}
     3 | D        | Found a transporter.
     3 | D        | Found an ancient bone altar of Kikubaaqudgha.
     3 | D        | Found a viscous altar of Jiyva.
     3 | D        | Found a corrupted altar of Lugonu.
     3 | D        | Found a hazy altar of Hepliaklqana.
     3 | D        | Found a burning altar of Makhleb.
     3 | D        | Found an opulent altar of Gozag.
    35 | D        | Became a worshipper of Vehumet
    55 | D        | Entered arena 2.
    55 | D        | Found a transporter.
    57 | D        | Reached skill level 4 in Fire Magic
    57 | D        | Reached XP level 2. HP: 15/15 MP: 6/8
    76 | D        | Entered arena 3.
    76 | D        | Noticed a deep elf knight
    76 | D        | Noticed a deep elf pyromancer
    76 | D        | Noticed an air elemental
    76 | D        | Found a transporter.
    77 | D        | Found the +6 arbalest "Damnation" {damnation}
    78 | D        | Killed an air elemental
    78 | D        | Reached * piety under Vehumet
    78 | D        | Offered knowledge of Sandblast by Vehumet.
    79 | D        | Reached skill level 5 in Dodging
    79 | D        | Reached skill level 9 in Fire Magic
    79 | D        | Reached skill level 1 in Evocations
    79 | D        | Reached XP level 3. HP: 19/19 MP: 9/13
    79 | D        | Reached XP level 4. HP: 24/24 MP: 9/14
    79 | D        | Reached XP level 5. HP: 28/28 MP: 10/16
    79 | D        | Noticed a fire elemental
    82 | D        | Noticed a fire elemental
    82 | D        | Noticed a fire elemental
    83 | D        | Killed a deep elf pyromancer
    83 | D        | Killed a deep elf knight
    84 | D        | Reached skill level 10 in Spellcasting
    84 | D        | Reached skill level 13 in Fire Magic
    84 | D        | Reached XP level 6. HP: 32/32 MP: 10/21
    84 | D        | Reached XP level 7. HP: 36/36 MP: 10/23
    84 | D        | Reached XP level 8. HP: 41/41 MP: 10/24
    97 | D        | Got the Reference Book on Entrancing Stones
   264 | D        | Learned a level 6 spell: Iron Shot
   268 | D        | Learned a level 3 spell: Stone Arrow
   273 | D        | Learned a level 4 spell: Sticky Flame
   279 | D        | Learned a level 5 spell: Fireball
   288 | D        | Entered arena 4.
   288 | D        | Found a transporter.
   289 | D        | Offered knowledge of Static Discharge by Vehumet.
   289 | D        | Reached ** piety under Vehumet
   292 | D        | Reached skill level 14 in Fire Magic
   371 | D        | Entered arena 5.
   371 | D        | Found a transporter.
   372 | D        | Reached *** piety under Vehumet
   378 | D        | Got the ring of Seokow {Fly Will++ Int+2}
   396 | D        | Got the +0 cloak "Vapoax" {rF+++}
   404 | D        | Entered arena 6.
   404 | D        | Found a transporter.
   405 | D        | Reached **** piety under Vehumet
   412 | D        | Got the ring "Zonwym" {rElec rF+ Int+4 Dex-4}
   427 | D        | Entered arena 7.
   427 | D        | Noticed an orange demon
   427 | D        | Noticed a red devil
   427 | D        | Noticed Potydi the pandemonium lord
   430 | D        | Found a transporter.
   431 | D        | Offered knowledge of Searing Ray by Vehumet.
   431 | D        | Reached ***** piety under Vehumet
   433 | D        | Killed a red devil
   434 | D        | Reached skill level 15 in Fire Magic
   434 | D        | Reached skill level 5 in Evocations
   442 | D        | Killed an orange demon
   443 | D        | Reached skill level 1 in Earth Magic
   443 | D        | Reached XP level 9. HP: 46/46 MP: 9/27
   446 | D        | Annihilated by Potydi the pandemonium lord

Illustrated notes

Levels and vault maps discovered:
D:        sprint_v [room_start, room_1, room_2, room_3, room_4, room_5, room_6,
          room_7, room_8, room_9, room_10, room_11, room_12, room_13, room_14,
          room_15, room_16, room_17, room_18, room_19, room_20, room_21,
          room_22, room_23, room_24, room_25, room_26, room_27]

Skill      XL: |  1  2  3  4  5  6  7  8 |
---------------+-------------------------+-----
Dodging        | 3 5 8 9 |  9.3
Fire Magic     | 4 9 13 15 | 15.6
Stealth        | 4 7 |  7.9
Spellcasting   | 6 10 12 | 12.3
Evocations     | 1 4 5 |  5.5
Conjurations   | 2 3 |  3.1
Earth Magic    | 1 |  1.1
Fighting       | |  0.4

Action                   |  1- 3 |  4- 6 |  7- 9 || total
-------------------------+-------+-------+-------++-------
 Cast: Fireball          |       |       |     6 ||     6
       Iron Shot         |       |       |     1 ||     1
       Stone Arrow       |       |       |     1 ||     1
Evoke: Wand              |     3 |     2 |     6 ||    11
       Lightning rod     |       |     2 |     1 ||     3
  Use: Scroll            |       |     1 |     5 ||     6
       Potion            |       |       |     3 ||     3
Armor: Robe              |       |       |     3 ||     3
Dodge: Dodged            |       |       |     3 ||     3

Table legend: (Time is in decaauts)
 A = Elapsed time spent in this place.
 B = Non-inter-level travel time spent in this place.
 C = Inter-level travel time spent in this place.
 D = Time resting spent in this place.
 E = Time spent auto-exploring this place.
 F = Levels seen in this place.
 G = Mean time per level.
                   A        B        C        D        E       F      G
               +--------+--------+--------+--------+--------+-----+--------+
         Total |    444 |    444 |      0 |    221 |      0 |   1 |  444.0 |
       Dungeon |    444 |    444 |      0 |    221 |      0 |   1 |  444.0 |
               +--------+--------+--------+--------+--------+-----+--------+

Top non-repeatable levels by time:
       D: 444 daAuts
